Cogmind - Beta 14 @@@ ROGUE MODE // 2024.09.20 @ 17:55:09 Player: VR-DUX Result: Destroyed by 8R-AWN with 8R-AWN's Boregun Performance ------------- Evolutions (0) 0 Regions Visited (3) 600 Robots Destroyed (44) 220 Value Destroyed (795) 795 Prototype IDs (23) 460 Alien Tech Used (0) 0 Bonus (300) 300 TOTAL SCORE: 2375 Bonus ------- Aligned with FarCom 300 Cogmind --------- Core Integrity 0/250 Matter 298/300 Energy 98/100 System Corruption 0% Temperature Cool (0) Movement Treading (480) Ox4 Location -10/Exiles Parts ------- > --- POWER (1) -------- (None) > --- PROPULSION (2) --- Light Treads Wheel > --- UTILITY (2) ------ Huge Storage Unit Propulsion Shielding > --- WEAPON (2) ------- Light Assault Rifle Light Assault Rifle > --- INVENTORY (25) --- Light Treads Potential Leg Potential Leg Improved Heat Sink Medium Storage Unit Structural Scanner Signal Interpreter Seismic Detector EM Pulse Gun AWS/Gauss Grenade Launcher Mining Laser Peak State ------------ > --- POWER ------------ Light Ion Engine > --- PROPULSION ------- Light Treads Wheel > --- UTILITY ---------- Huge Storage Unit Seismic Detector > --- WEAPON ----------- Assault Rifle Light Assault Rifle > --- INVENTORY -------- Fission Core Light Fission Core Light Treads Potential Leg Potential Leg Improved Heat Sink Medium Storage Unit High-capacity Matter Pod High-capacity Matter Pod Structural Scanner Signal Interpreter Propulsion Shielding EM Pulse Gun EM Pulse Gun Light Assault Rifle AWS/Gauss Grenade Launcher Mining Laser Deploy-a-Sentry Deploy-a-Sentry Deploy-a-Sentry [Rating: 15] Favorites ----------- Power Light Ion Engine Engine Light Ion Engine Power Core Light Nuclear Core Propulsion Light Treads Treads Light Treads Leg Aluminum Leg Wheel Wheel Utility Huge Storage Unit Device Seismic Detector Storage Huge Storage Unit Protection Propulsion Shielding Weapon Assault Rifle Energy Gun Small Laser Ballistic Gun Assault Rifle Launcher Grenade Launcher Special Weapon Mining Laser Build | -11 -10 -10 -10 ------- Run | Yrd Mat Min Exi Slots Evolved . | . . . . Power . | . . . . Propulsion . | . . . . Utility . | . . . . Weapon . | . . . . Parts Attached 31 | 1 18 6 6 Power 5 | . 4 1 . Engine 4 | . 3 1 . Core 1 | . 1 . . Reactor . | . . . . Propulsion 6 | . 5 1 . Treads 3 | . 2 1 . Leg 1 | . 1 . . Wheel 2 | . 2 . . Hover . | . . . . Flight . | . . . . Utility 5 | 1 2 1 1 Device 2 | 1 . 1 . Storage 2 | . 2 . . Processor . | . . . . Hackware . | . . . . Protection 1 | . . . 1 Artifact . | . . . . Weapon 15 | . 7 3 5 Energy Gun 2 | . . . 2 Energy Cannon . | . . . . Ballistic Gun 11 | . 6 3 2 Ballistic Cannon . | . . . . Launcher 1 | . . . 1 Special Weapon 1 | . 1 . . Impact Weapon . | . . . . Slashing Weapon . | . . . . Piercing Weapon . | . . . . Special Melee Weapon . | . . . . Unidentified Prototypes . | . . . . Parts Lost 5 | . 2 . 3 Power 1 | . . . 1 Propulsion 1 | . 1 . . Utility . | . . . . Weapon 3 | . 1 . 2 Highest Loss Streak 3 | . 1 . 3 To Critical Strikes 1 | . . . 1 Average Slot Usage (%) 99 | . 99 100 99 Engine 11 | . 10 14 13 Core 1 | . 3 . . Treads 12 | . 10 14 14 Leg 2 | . 4 . . Wheel 13 | . 12 14 14 Device 13 | . 14 14 11 Storage 14 | . 14 14 14 Ballistic Gun 26 | . 26 28 26 Peak Build Rating 15 | 7 10 9 15 Average Rating 9 | 6 8 8 12 On Entrance 7 | 6 7 9 8 Naked Turns . | . . . . Heaviest Build 90 | 12 90 89 89 Greatest Support 20 | 20 20 10 10 Greatest Overweight (x) 8 | . 8 8 8 Average Overweight (x) 6 | . 5 8 8 Largest Inventory Capacity 25 | 8 25 25 25 Average Capacity 23 | 8 23 25 25 Most Carried 23 | 6 16 16 23 Average Carried 14 | 5 12 14 19 Final Capacity 25 | 8 25 25 25 Final Carried 16 | 6 16 14 13 Class Distribution -------------------- 95% | Mutant 4% | Scavenger-Mutant Dominant Class ---------------- Mutant | -10/Materials Mutant | -10/Mines Mutant | -10/Exiles Resources | -11 -10 -10 -10 ----------- Run | Yrd Mat Min Exi Matter Collected 1662 | 222 1176 90 174 Remotely . | . . . . Salvage Created 1253 | 154 977 109 13 Parts 110 | 13 79 18 . Haulers Intercepted 2 | . 2 . . Recyclers Shooed 1 | 1 . . . Parts Field Recycled . | . . . . Retrieved Matter . | . . . . Parts Self-Destructed . | . . . . Prevented . | . . . . Kills | -11 -10 -10 -10 ------- Run | Yrd Mat Min Exi Combat Hostiles Destroyed 27 | . 21 6 . Guns 27 | . 21 6 . Classes Destroyed 11 | 2 8 . 1 Worker 2 | . 2 . . Builder 3 | . 3 . . Tunneler 4 | 3 . 1 . Hauler 2 | . 2 . . Recycler 1 | 1 . . . Mechanic 1 | . 1 . . Operator 1 | . 1 . . Watcher 2 | . 2 . . Swarmer 12 | . 6 6 . Grunt 15 | . 15 . . Zionite 1 | . . . 1 Best Kill Streak 4 | 2 4 3 1 Combat Bots Only 4 | . 4 3 . Max Kills in Single Turn 1 | 1 1 1 1 Gunslinging . | . . . . Exploded . | . . . . Melee . | . . . . Uniques/NPCs Destroyed . | . . . . Combat | -11 -10 -10 -10 -------- Run | Yrd Mat Min Exi Hostile Shots Fired 163 | . 89 33 41 Missed 53 | . 28 13 12 Damage Taken 1326 | . 654 148 524 Core 254 | . 94 7 153 Absorbed by Shields . | . . . . Redirected to Shielding 30 | . . . 30 Core Remaining (%) 100 | 100 . . . Volleys Fired 148 | 17 94 14 23 Largest 2 | 2 2 2 2 Hottest 100 | 60 100 40 60 Shots Fired 290 | 34 185 28 43 Gun 285 | 34 183 28 40 Cannon . | . . . . Launcher 3 | . . . 3 Special 2 | . 2 . . Kinetic 263 | 17 181 28 37 Thermal 21 | 17 4 . . Explosive 3 | . . . 3 Electromagnetic 3 | . . . 3 Robot Hit Streak 18 | 10 18 9 5 Robot Miss Streak 4 | 3 4 2 4 Penetration Max . | . . . . Secondary Targets 7 | . 5 2 . Max Gunslinging Chain 1 | . 1 1 . Shots Hit Robots 166 | 19 112 18 17 Core Hits 70 | 5 53 7 5 Critical Kills . | . . . . Critical Parts Destroyed . | . . . . Critical Strikes . | . . . . Melee Attacks . | . . . . Impact . | . . . . Slashing . | . . . . Piercing . | . . . . Sneak Attacks . | . . . . Combat Hostiles . | . . . . Follow-up Attacks . | . . . . Damage Inflicted 2040 | 228 1394 188 230 Guns 1924 | 228 1370 188 138 Cannons . | . . . . Explosions 92 | . . . 92 Melee . | . . . . Ramming . | . . . . Kinetic 1786 | 103 1359 188 136 Thermal 214 | 125 35 . 54 Explosive 38 | . . . 38 Electromagnetic 2 | . . . 2 Impact . | . . . . Slashing . | . . . . Piercing . | . . . . Highest Corruption . | . . . . Average Corruption . | . . . . Corruption Purged . | . . . . Corruption Blocked . | . . . . Overload Shots . | . . . . Overflow Damage 4 | . 4 . . Projectiles 4 | . 4 . . Explosions . | . . . . Melee . | . . . . Knockbacks . | . . . . Impact . | . . . . Kinetic . | . . . . Secondary . | . . . . Self-Inflicted Damage . | . . . . Shots . | . . . . Rammed . | . . . . Targets Rammed . | . . . . Kicked . | . . . . Crushed . | . . . . Highest Temperature 20 | . 20 . . Average Temperature 5 | . 5 . . Received Heat Transfer 282 | . 282 . . Siege Activations . | . . . . Robots Corrupted . | . . . . Combat Hostiles . | . . . . Parts Fried . | . . . . Impact Corruptions . | . . . . Robots Melted . | . . . . Combat Hostiles . | . . . . Parts Melted . | . . . . Heat Transferred 362 | 275 75 . 12 Parts Sabotaged . | . . . . Parts Stolen . | . . . . Parts Stripped . | . . . . Power Chain Reactions 1 | . . . 1 Alert | -11 -10 -10 -10 ------- Run | Yrd Mat Min Exi Peak Influence 328 | 20 328 208 . Initial 48 | . 13 48 . Average 183 | 9 192 169 . Maximum Alert Level 1 | . 1 1 . Low Security (%) 53 | 100 55 33 . Level 1 46 | . 44 66 . Level 2 . | . . . . Level 3 . | . . . . Level 4 . | . . . . Level 5 . | . . . . High Security . | . . . . Max Security . | . . . . Squads Dispatched 3 | . 3 . . Investigation 2 | . 2 . . Extermination . | . . . . Reinforcement 1 | . 1 . . Assault . | . . . . Garrison . | . . . . Intercept . | . . . . Searches Triggered . | . . . . Construction Impeded . | . . . . Haulers Reinforced . | . . . . Active Scanning Responses . | . . . . Cargo Convoy Interrupts . | . . . . Stealth | -11 -10 -10 -10 --------- Run | Yrd Mat Min Exi Distress Signals 1 | . 1 . . Communications Jammed . | . . . . Distress Signals . | . . . . Times Spotted 52 | . 42 6 4 Peak Tracking Total 10 | . 7 3 10 Tactical Retreats 2 | . 1 . 1 Traps | -11 -10 -10 -10 ------- Run | Yrd Mat Min Exi Traps Triggered 5 | . 5 . . Indirectly . | . . . . Trap Hack Attempts . | . . . . Triggered . | . . . . Disarmed . | . . . . Reprogrammed . | . . . . Reused . | . . . . Traps Extracted . | . . . . Installed . | . . . . Triggered . | . . . . Machines | -11 -10 -10 -10 ---------- Run | Yrd Mat Min Exi Machines Disabled 5 | . . . 5 Max in Single Turn 1 | . . . 1 Machines Repaired . | . . . . Machines Dismantled . | . . . . Machines Sabotaged . | . . . . Overloaded Fab Kills . | . . . . Hacking | -11 -10 -10 -10 --------- Run | Yrd Mat Min Exi Machines Accessed 10 | . 8 . 2 Terminals 6 | . 6 . . Fabricators . | . . . . Repair Stations . | . . . . Recycling Units 2 | . 2 . . Scanalyzers . | . . . . Garrison Access . | . . . . Total Hacks 19 | . 17 . 2 Successful 11 | . 9 . 2 Failed 7 | . 7 . . Catastrophic 1 | . 1 . . Database Lockouts 1 | . 1 . . Manual 14 | . 13 . 1 Terminals 14 | . 14 . . Fabricators . | . . . . Repair Stations . | . . . . Recycling Units 3 | . 3 . . Scanalyzers . | . . . . Garrison Access . | . . . . Terminal Hacks 9 | . 7 . 2 Record 2 | . 1 . 1 Robot Analysis 2 | . 2 . . Branch Access Points 2 | . 2 . . Locate Traps 1 | . 1 . . Zone Layout 1 | . 1 . . Derelict Proto ID Bank 1 | . . . 1 Fabricator Hacks . | . . . . Repair Station Hacks . | . . . . Recycling Unit Hacks 1 | . 1 . . Retrieve Components 1 | . 1 . . Scanalyzer . | . . . . Garrison Access Hacks . | . . . . Unauthorized Hacks 1 | . 1 . . Terminals 1 | . 1 . . Botnet 1 | . 1 . . Fabricators . | . . . . Repair Stations . | . . . . Recycling Units . | . . . . Scanalyzers . | . . . . Garrison Access . | . . . . Data Cores Recovered . | . . . . Used . | . . . . Hacking Detections 6 | . 6 . . Full Trace Events . | . . . . Feedback Events . | . . . . Feedback Blocked . | . . . . Robot Schematics Acquired . | . . . . Robots Built . | . . . . Authchips . | . . . . Time . | . . . . Total Robot Build Rating . | . . . . Part Schematics Acquired . | . . . . Parts Built . | . . . . Authchips . | . . . . Time . | . . . . Total Part Build Rating . | . . . . Parts Repaired . | . . . . Time . | . . . . Parts Recycled . | . . . . Recycled Matter . | . . . . Retrieved Matter . | . . . . Retrieved Components 10 | . 10 . . Parts Scanalyzed . | . . . . Part Schematics Acquired . | . . . . Parts Damaged . | . . . . Bothacking | -11 -10 -10 -10 ------------ Run | Yrd Mat Min Exi Used RIF Installer . | . . . . Robots Hacked . | . . . . Non-combat . | . . . . Combat . | . . . . Robot Hacks Applied . | . . . . Relay Couplers Released . | . . . . Fabnet Peak Effective % . | . . . . Robots Rewired . | . . . . Allies Hacked . | . . . . Hacks Repelled . | . . . . Allies | -11 -10 -10 -10 -------- Run | Yrd Mat Min Exi Total Allies 1 | . . 1 . Largest Group 1 | . . 1 1 Highest-Rated Group 31 | . . 31 31 Highest-Rated Ally 31 | . . 31 31 Total Orders . | . . . . Ally Attacks 12 | . . . 12 Total Damage 534 | . . . 534 Kills . | . . . . Allies Corrupted . | . . . . Allies Melted . | . . . . Turrets Deployed 3 | . . . 3 Intel | -11 -10 -10 -10 ------- Run | Yrd Mat Min Exi Robot Analysis Total 2 | . 2 . . Derelict Logs Recovered 1 | . . 1 . Drone Launches . | . . . . Drone Recoveries . | . . . . Exploration | -11 -10 -10 -10 ------------- Run | Yrd Mat Min Exi Turns Passed 3914 | 89 2299 444 1082 Spaces Moved 1797 | 11 1095 198 493 Core . | . . . . Treads . | . . . . Legs 113 | 11 102 . . Wheels 1684 | . 993 198 493 Hover . | . . . . Flight . | . . . . Fastest Speed 120 | 120 120 200 200 Average Speed 186 | 120 179 200 200 Slowest Speed 200 | 120 200 200 200 Overloaded Moves . | . . . . Propulsion Burnouts . | . . . . Robots Hopped . | . . . . Cave-ins Triggered . | . . . . Exploration Rate (%) 55 | 2 98 54 68 Regions Visited 3 Branch Regions 2 Pre-discovered Areas 1 | . . . 1 Known Exits Taken 1 | . 1 . . Unknown Exits Taken 2 | 1 . 1 . Scrap Searched 1 | . . 1 . Spaces Dug 1 | . 1 . . Terrain Destroyed 16 | . 1 . 15 Melee . | . . . . Projectile 1 | . 1 . . AOE 15 | . . . 15 Terrain Rammed . | . . . . Walls Destroyed . | . . . . Machines Disabled . | . . . . Actions | -11 -10 -10 -10 --------- Run | Yrd Mat Min Exi Total 2082 | 53 1251 223 555 Wait 56 | 23 18 . 15 Move 1794 | 10 1094 197 493 Hop . | . . . . Pick Up 28 | 1 17 1 9 Fast Attach 9 | 1 7 1 . Attach 11 | . 5 4 2 Detach . | . . . . Swap 11 | . 6 1 4 Drop 25 | 1 10 5 9 Fire 148 | 17 94 14 23 Melee . | . . . . Ram . | . . . . Kick . | . . . . Crush . | . . . . Escape Stasis . | . . . . Rewire . | . . . . Trap . | . . . . Miscellaneous . | . . . . Route ------- -11/Scrapyard -10/Materials (discovered 5 exits: [*Mat x3] / *Min x2) -10/Mines (discovered 2 exits: [*Mat] / *Exi) -10/Exiles History --------- Turn | Location | Event 17 | -11/Scrapyard | Discovered new exit (range 2) 90 | -11/Scrapyard | Entered Materials 166 | -10/Materials | Central database locked down 318 | -10/Materials | Build established: Mutant 347 | -10/Materials | Discovered new exit (range 9) 468 | -10/Materials | Discovered new exit (range 5) 512 | -10/Materials | Discovered new exit (range 11) 551 | -10/Materials | Identified exit to Mines 1336 | -10/Materials | Discovered new exit (range 13) 2389 | -10/Materials | Entered Mines 2464 | -10/Mines | Learned Materials terminal intel 2503 | -10/Mines | Escorted by a lone wolf Derelict 2665 | -10/Mines | Discovered new exit (range 8) 2823 | -10/Mines | Deemed a non-threat by the Exiles lab entrance 2825 | -10/Mines | Discovered new exit (range 5) 2833 | -10/Mines | Entered Exiles 2833 | -10/Exiles | Accompanied by 1 ally 2893 | -10/Exiles | Met 8R-AWN 2923 | -10/Exiles | Met EX-HEX 2975 | -10/Exiles | Met EX-BIN 3019 | -10/Exiles | Aligned with FarCom system 3021 | -10/Exiles | Given EX-Vault access code 3067 | -10/Exiles | Opened EX-Vault 3077 | -10/Exiles | Found Deploy-a-Sentry 3080 | -10/Exiles | Found Deploy-a-Sentry 3083 | -10/Exiles | Found Deploy-a-Sentry 3086 | -10/Exiles | Found AWS/Gauss 3091 | -10/Exiles | Found Potential Leg 3094 | -10/Exiles | Found Potential Leg 3138 | -10/Exiles | Warned to stay clear of 0b10 Research branches 3407 | -10/Exiles | Met EX-DEC 3723 | -10/Exiles | Learned location of Zion (-6) 3759 | -10/Exiles | Attacked by the Exiles 3861 | -10/Exiles | DAS Turret deployed 3863 | -10/Exiles | DAS Turret deployed 3874 | -10/Exiles | DAS Turret deployed 3888 | -10/Exiles | Core integrity fell below 50% 3904 | -10/Exiles | Core integrity fell below 20% 3911 | -10/Exiles | Lost 3 allies 3915 | -10/Exiles | Destroyed by 8R-AWN with 8R-AWN's Boregun Last Messages --------------- 03903_ HV Slug penetrates Earth. 03903_ Penetrated by HV Slug. 03903_ HV Slug penetrates Earth. 03905_ Earth collapses. 03905_ Extracted 2 matter. 03905_ Penetrated by HV Slug. 03905_ HV Slug penetrates Earth. 03905_ Penetrated by HV Slug. 03905_ HV Slug penetrates Earth. 03908_ Extracted 2 matter. 03908_ Penetrated by HV Slug. 03908_ HV Slug penetrates Earth. 03908_ HV Slug penetrates Wall. 03911_ Extracted 2 matter. 03911_ HV Slug penetrates Wall. 03911_ HV Slug penetrates Earth. 03913_ Extracted 2 matter. 03915_ Penetrated by HV Slug. 03915_ HV Slug penetrates Earth. 03915_ Penetrated by HV Slug. Map ----- +----------------------------------------------------+ | ?????????????????????????????????????????????????? | | ?????????????????????????????????????????????????? | | ?????????????????????????????????????????????????? | | ?????????????????????????????????????????????????? | | ?????????????????????????????????????????????????? | | ?????????????????????????????????????????????????? | | ?????????????????????????????????????????????????? | | ?????????????????????????????????????????????????? | | ?????????????????????????????????????????????????? | | ?????????????????????????????????????????????????? | | ?????????????????????????????????????????????????? | | ?????????????? ??????????????#######?????????????? | | ????????????? ######???????#!!! "#?????????????? | | ????????????? #""#??????# "#?????????????? | | ????????????? ??????# "#?????????????? | | ?????????????" #????## "#?????????????? | | ?????????????" #####" ""#?????????????? | | ??????????????# ##" ""#?????????????? | | ???????????????# ; #??????????????? | | ??????????????????# #??###?????????? | | ?????????????????????# # #?????????? | | ?????????????????????### g #???????? | | ???????????????######## % #?????????" | | ???????????????# !!" #?????????# | | ???????????????#! ###" ""##???### | | ???????????????#! % @ #?##" ""#####X# | | ???????????????#! % !##??#" % | | ??????????????#; ! %;#;???#"# * | | ??????????????####;;#;;;;##???#### | | ?????????????????#?# ????????### * | | ??????????????????# # #??????????### | | ??????????????????#### #?????????????## | | ????????????????????? ???????????????## | | ????????????????????# #????????????????##" | | ???????????????????? ??????????????????#""" | | ????????????????????##?????????????????##" | | ???????????????????????????????????????#"" | | ??????????????????????????????????????##""" | | ??????????????????????????????????????#""" | | ??????????????????????????????????????#""" | | ??????????????????????????????????????#"" | | ??????????????????????????????????????#""" | | ??????????????????????????????????????#"" | | ??????????????????????????????????????##"" | | ???????????????????????????????????????#"""" | | ???????????????????????????????????????## | | ????????????????????????????????????????#" | | ????????????????????????????????????????#"""" | | ????????????????????????????????????????#"" | | ????????????????????????????????????????#" | +----------------------------------------------------+ Best States ------------- Heat Dissipation 25 Energy Generation 14 Energy Capacity 250 Matter Stores 300 Matter Capacity 300 Sight Range 16 Terrain Scan Density 10 Propulsion Shielding 33 Evasion (%) 55 Recoil Reduction 1 Item Schematics ----------------- None Robot Schematics ------------------ None Fabricated ------------ Nothing Alien Tech Used ----------------- None Achievements -------------- None Challenges ------------ None Game ------ Seed RecoilDecoyTendrils Manual? 0 Play Time 00:25:02 Cumulative 284.4 hours Start 2024.09.20 @ 17:29:54 End 2024.09.20 @ 17:55:09 Sessions 1 Manual Loads 0 Difficulty Rogue Special Mode None Game No. 166 Rogue 166 Adventurer 0 Explorer 0 Win Type - Total 8 Types 4/1/2/1/0/0/0/0/0 Lore% 53 Gallery% 60 Achievement% 56 Wizard Run 0 Options --------- Layout 1 ASCII 0 Keyboard 0 Movement Mouse Keybinds 0 Fullscreen 1 Font 20/SmallcapsGlow Map View 58x39 Zoom Use 0% Tactical HUD 1 Map Filters NONE Filters NONE Steam 1 RUN: f8579791-4502-42ef-be28-d70907bb46c6